 Dungeon Crawl Stone Soup version 0.22.1 (webtiles) character file.

7329 Peloso the Carver (level 10, -3/88 HPs)
             Began as a Minotaur Fighter on Sept 19, 2018.
             Was an Elder of Okawaru.
             Splashed by an oklob plant's acid (17 damage)
             ... on level 10 of the Dungeon.
             The game lasted 00:18:34 (8842 turns).

Peloso the Carver (Minotaur Fighter)                Turns: 8842, Time: 00:18:36

Health: -3/88      AC:  0    Str: 24    XL:     10   Next: 90%
Magic:  10/10      EV:  9    Int:  5    God:    Okawaru [****..]
Gold:   666        SH: 12    Dex: 12    Spells: 9/9 levels left

rFire    + + .     SeeInvis .   n - +8 short sword "Ussucwuto" {flame, rPois rF+ MR+}
rCold    . . .     Gourm    .   c - +0 shield
rNeg     . . .     Faith    .   b - +0 chain mail
rPois    +         Spirit   .   (helmet restricted)
rElec    .         Reflect  .   F - +0 cloak
rCorr    .         Harm     .   (no gloves)
MR       +....                  (no boots)
Stlth    ..........             (no amulet)
HPRegen  0.24/turn              C - ring of protection from fire (curse)
MPRegen  0.12/turn              x - +2 ring of strength

@: corroded
A: retaliatory headbutt, horns 2
a: Heroism, Renounce Religion


You were on level 10 of the Dungeon.
You worshipped Okawaru.
Okawaru was greatly pleased with you.
You were not hungry.

You visited 2 branches of the dungeon, and saw 11 of its levels.

You collected 666 gold pieces.

Inventory:

Hand Weapons
 a - a +2 long sword of holy wrath
 n - the +8 short sword "Ussucwuto" (weapon) {flame, rPois rF+ MR+}
   (You found it on level 8 of the Dungeon)

   It has been specially enchanted to burn those struck by it, causing extra
   injury to most foes and up to half again as much damage against particularly
   susceptible opponents.
   It protects you from fire.
   It protects you from poison.
   It affects your resistance to hostile enchantments.
 G - the +8 arbalest of the Yoke {elec, -Tele rPois Dex+4}
   (You found it on level 6 of the Dungeon)

   It charges the ammunition it shoots with electricity; occasionally upon a
   hit, such missiles may discharge and cause terrible harm.
   It affects your dexterity (+4).
   It protects you from poison.
   It prevents most forms of teleportation.
 I - the +5 hand axe "Jaol" {chop, rF+}
   (You took it off an orc on level 8 of the Dungeon)

   It inflicts extra damage upon your enemies.
   It protects you from fire.
 K - the +2 hand axe "Wus Wiu" {holy, rC+ rN+, unknown}
   (You found it on level 8 of the Dungeon)

   It has been blessed by the Shining One to cause great damage to the undead
   and demons.
   It protects you from cold.
   It protects you from negative energy.
Armour
 b - a +0 chain mail (worn)
 c - a +0 shield (worn)
 F - a +0 cloak (worn)
Jewellery
 k - a +4 ring of intelligence
 x - a +2 ring of strength (right hand)
 C - a cursed ring of protection from fire (left hand)
 H - an uncursed amulet of rage {unknown}
 L - a +3 ring of slaying {unknown}
Wands
 p - a wand of iceblast (19)
 v - a wand of random effects (101)
 M - a wand of clouds (4)
Scrolls
 g - 7 scrolls of teleportation {unknown}
 h - 4 scrolls of magic mapping {unknown}
 i - 7 scrolls of identify
 j - 3 scrolls of fear {unknown}
 q - a scroll of random uselessness {unknown}
 r - 2 scrolls of enchant armour {unknown}
 s - 2 scrolls of amnesia {unknown}
 t - a scroll of blinking {unknown}
 u - 3 scrolls of remove curse {unknown}
 y - a scroll of torment {unknown}
 D - 2 scrolls of fog {unknown}
 E - 2 scrolls of enchant weapon {unknown}
 J - a scroll of silence {unknown}
Potions
 d - 5 potions of might
 e - a potion of curing
 l - 4 potions of brilliance
 m - 3 potions of flight
 o - 3 potions of resistance
 w - 7 potions of heal wounds
 z - a potion of invisibility {unknown}
 A - a potion of berserk rage
 B - 2 potions of agility
 N - a potion of mutation {unknown}
Comestibles
 f - 8 rations


   Skills:
 + Level 8.2 Fighting
 + Level 5.1(8.3) Short Blades
 + Level 10.9(11.4) Long Blades
 + Level 9.5 Armour
 + Level 4.5 Dodging
 + Level 0.5 Stealth
 + Level 10.3 Shields
 + Level 1.3 Evocations


You had 9 spell levels left.
You didn't know any spells.
Your spell library contained the following spells:

 Spells                   Type           Power        Failure   Level  Hunger
 Apportation              Tloc           #.....       99%         1    ##.....
 Magic Dart               Conj           #...         99%         1    ##.....
 Shock                    Conj/Air       #...         99%         1    ##.....
 Sting                    Conj/Pois      #...         99%         1    ##.....
 Summon Butterflies       Summ           #.......     99%         1    ##.....
 Poisonous Vapours        Pois/Air       #.....       100%        2    ###....
 Searing Ray              Conj           #.....       100%        2    ###....
 Swiftness                Chrm/Air       #.......     100%        2    ###....
 Dazzling Spray           Conj/Hex       #.....       100%        3    ####...
 Lesser Beckoning         Tloc           #.........   100%        3    ####...
 Mephitic Cloud           Conj/Pois/Air  #.......     100%        3    ####...
 Static Discharge         Conj/Air       #.......     100%        3    ####...
 Tukima's Dance           Hex            #.......     100%        3    ####...
 Airstrike                Air            #.........   100%        4    #####..
 Force Lance              Conj/Tloc      #.......     100%        4    #####..
 Fulminant Prism          Conj/Hex       #.........   100%        4    #####..
 Iskenderun's Mystic Bla  Conj           #.......     100%        4    #####..
 Olgreb's Toxic Radiance  Pois           #.......     100%        4    #####..
 Alistair's Intoxication  Tmut/Pois      #.......     100%        5    ######.
 Lightning Bolt           Conj/Air       #.........   100%        5    ######.
 Venom Bolt               Conj/Pois      #.........   100%        5    ######.
 Invisibility             Hex            #.......     100%        6    #######


Dungeon Overview and Level Annotations

Branches:
Dungeon (10/15)            Temple (1/1) D:6            Lair (0/6) D:10
    Orc (0/2) D:10

Altars:
Ashenzari
Cheibriados
Dithmenos
Elyvilon
Fedhas
Gozag
Hepliaklqana
Kikubaaqudgha
Makhleb
Nemelex Xobeh
Okawaru
Qazlal
Ru
Sif Muna
Trog
Uskayaw
Wu Jian
Xom
Yredelemnul
Zin
The Shining One
Lugonu

Shops:
D:8 %

Annotations:
D:10 exclusion: oklob plant


Innate Abilities, Weirdness & Mutations

You reflexively headbutt those who attack you in melee.
You have a pair of horns on your head.


Message History

You headbutt the oklob plant, but do no damage.
The oklob plant is severely damaged.
You hit the oklob plant. You burn the oklob plant.
The oklob plant is severely damaged.
You hit the oklob plant. You burn the oklob plant.
The oklob plant is almost destroyed.
You hit the oklob plant but do no damage.
You headbutt the oklob plant.
The oklob plant is almost destroyed.
The oklob plant spits acid at you. The splash of acid hits you!
The acid corrodes you!
You are splashed with acid!
The acid burns!
You hit the oklob plant but do no damage.
You headbutt the oklob plant, but do no damage.
The oklob plant is almost destroyed.
The oklob plant spits acid at you. The splash of acid hits you!
* * * LOW HITPOINT WARNING * * *
You are splashed with acid!
The acid burns!
You die...

#.# #.# #.#### # #####
#..... .#######...#
###### . ...≈...#..## #
.#.. #...#.....# #
.....##P..##....# #
#..P@PPP..#..# #
#≈.PP>...≈#..########
#...PPP...#.........#
....##...##...#.#####.#
#....#...#....#.# #.#
#..#...≈...#..#.#####.#
#. .#######...#.#.....#
.?. #####.#.##...
#.#.###.#


You could see an oklob plant.

Vanquished Creatures
  A two-headed ogre (D:8)
  A manticore (D:9)
  Grinder (D:6)
  2 hippogriffs
  A wyvern (D:8)
  6 yaks (D:9)
  Edmund (D:6)
  4 ice beasts
  Duvessa (D:6)
  4 orc warriors
  A phantom (D:5)
  3 sky beasts
  A black bear (D:7)
  7 centaurs
  2 ogres
  4 bullfrogs
  Dowan (D:6)
  6 killer bees (D:8)
  7 scorpions
  A water moccasin skeleton (D:7)
  5 howler monkeys
  3 crimson imps
  A bullfrog skeleton (D:8)
  5 hounds
  2 jellies
  17 orc wizards
  8 orc priests
  Ijyb (D:4)
  An iguana (D:7)
  5 worker ants
  15 gnolls
  3 adders
  2 shadow imps
  An ooze (D:1)
  3 worms
  4 dart slugs
  11 leopard geckos
  52 orcs
  7 bats
  5 giant cockroaches
  6 goblins
  10 hobgoblins
  9 jackals
  6 kobolds
  4 quokkas
  A ball python (D:1)
  6 frilled lizards
  3 leopard gecko skeletons
  7 rats
  2 plants (D:10)
260 creatures vanquished.

Notes
Turn   | Place    | Note
-------+----------+-------------------------------------------
     0 | D:1      | Peloso the Minotaur Fighter began the quest for the Orb.
     0 | D:1      | Reached XP level 1. HP: 19/19 MP: 0/0
    84 | D:1      | Reached XP level 2. HP: 20/27 MP: 1/1
   298 | D:1      | Reached XP level 3. HP: 33/33 MP: 2/2
   943 | D:2      | Reached skill level 1 in Dodging
   943 | D:2      | Reached XP level 4. HP: 37/40 MP: 3/3
  1143 | D:2      | Found a white marble altar of Elyvilon.
  1153 | D:2      | Reached skill level 5 in Shields
  1543 | D:3      | Reached XP level 5. HP: 21/47 MP: 4/4
  1761 | D:3      | Found a shattered altar of Ashenzari.
  1989 | D:3      | Found a bloodstained altar of Trog.
  2324 | D:3      | Found a sacrificial altar of Ru.
  2324 | D:3      | Found a shimmering altar of Xom.
  2368 | D:3      | Found a glowing golden altar of the Shining One.
  2372 | D:3      | Reached XP level 6. HP: 52/55 MP: 5/5
  2378 | D:3      | Found an ancient bone altar of Kikubaaqudgha.
  2378 | D:3      | Found a hazy altar of Hepliaklqana.
  2381 | D:3      | Found a sparkling altar of Nemelex Xobeh.
  2534 | D:4      | Reached skill level 5 in Fighting
  2534 | D:4      | Reached skill level 5 in Long Blades
  2649 | D:4      | Reached skill level 5 in Armour
  2818 | D:4      | Reached XP level 7. HP: 28/61 MP: 6/6
  2881 | D:4      | Noticed Ijyb
  2923 | D:4      | Killed Ijyb
  3370 | D:4      | Found a snail-covered altar of Cheibriados.
  3474 | D:5      | Entered Level 5 of the Dungeon
  3682 | D:5      | Reached XP level 8. HP: 61/69 MP: 7/7
  4354 | D:6      | Noticed Edmund
  4364 | D:6      | Killed Edmund
  4407 | D:6      | Noticed Grinder
  4417 | D:6      | Killed Grinder
  4444 | D:6      | Found an opulent altar of Gozag.
  4476 | D:6      | Found an ornate altar of the Wu Jian Council.
  4506 | D:6      | Noticed Duvessa
  4506 | D:6      | Noticed Dowan
  4510 | D:6      | Killed Duvessa
  4510 | D:6      | Reached XP level 9. HP: 62/78 MP: 8/8
  4517 | D:6      | Killed Dowan
  4533 | D:6      | Found a staircase to the Ecumenical Temple.
  4622 | Temple   | Entered the Ecumenical Temple
  4639 | Temple   | Became a worshipper of Warmaster Okawaru
  4966 | D:6      | Got a shimmering arbalest
  5822 | D:7      | Found a stormy altar of Qazlal.
  6055 | D:8      | Reached skill level 10 in Long Blades
  6071 | D:8      | Reached * piety under Okawaru
  6597 | D:8      | Noticed a two-headed ogre
  6602 | D:8      | Killed a two-headed ogre
  6607 | D:8      | Reached ** piety under Okawaru
  6607 | D:8      | Reached XP level 10. HP: 82/86 MP: 9/9
  6841 | D:8      | Got a translucent hand axe {chop}
  6842 | D:8      | Identified the +5 hand axe "Jaol" {chop, rF+} (You took it
                  | off an orc on level 8 of the Dungeon)
  6868 | D:8      | Found Magh's Food Shop.
  6900 | D:8      | Reached skill level 1 in Evocations
  6967 | D:8      | Got an iridescent hand axe
  7013 | D:8      | Got a slimy short sword
  7014 | D:8      | Identified the +8 short sword "Ussucwuto" {flame, rPois rF+
                  | MR+} (You found it on level 8 of the Dungeon)
  7398 | D:8      | Identified the +8 arbalest of the Yoke {elec, -Tele rPois
                  | Dex+4} (You found it on level 6 of the Dungeon)
  7542 | D:9      | Reached skill level 1 in Short Blades
  7767 | D:9      | Noticed a manticore
  7776 | D:9      | Killed a manticore
  7969 | D:9      | Reached *** piety under Okawaru
  7969 | D:9      | Reached skill level 10 in Shields
  8349 | D:10     | Entered Level 10 of the Dungeon
  8430 | D:10     | Found a staircase to the Orcish Mines.
  8687 | D:10     | Reached skill level 5 in Short Blades
  8721 | D:10     | Reached **** piety under Okawaru
  8792 | D:10     | Found a staircase to the Lair.
  8793 | D:10     | Noticed an oklob plant
  8842 | D:10     | Splashed by an oklob plant's acid

Skill      XL: |  1  2  3  4  5  6  7  8  9 10 |
---------------+-------------------------------+-----
Armour         | 4 5 6 8 9 |  9.5
Shields        | 4 5 6 7 9 10 | 10.3
Fighting       | 4 5 6 7 8 |  8.2
Long Blades    | 3 4 5 6 8 10 | 10.9
Dodging        | 1 2 3 4 |  4.5
Evocations     | 1 |  1.3
Short Blades   | 5 |  5.1
Stealth        | |  0.5

Action                   |  1- 3 |  4- 6 |  7- 9 | 10-12 || total
-------------------------+-------+-------+-------+-------++-------
Melee: Long sword        |   101 |   184 |   300 |    65 ||   650
       Headbutt          |    15 |    42 |    79 |    60 ||   196
       Short sword       |       |       |       |   220 ||   220
Evoke: Wand              |       |       |     7 |       ||     7
  Use: Potion            |       |     1 |     1 |       ||     2
       Scroll            |       |       |       |     8 ||     8
  Eat: Chunk             |       |     6 |    13 |     7 ||    26
Armor: Scale mail        |    21 |       |       |       ||    21
       Chain mail        |    42 |    89 |   139 |    66 ||   336
Dodge: Dodged            |    33 |    57 |    53 |    47 ||   190
Block: Shield            |    73 |   127 |   160 |   117 ||   477
       Rpst.: Long sword |    13 |    15 |    12 |     5 ||    45
